 Dungeon Crawl Stone Soup version 0.27.1-1-g398f81649c (webtiles) character file.

Game seed: 14669068169779201491

1968 Autumnman the Cleaver (level 9, -2/79 HPs)
             Began as a Minotaur Berserker on Sept 10, 2021.
             Was an Elder of Trog.
             Slain by a 12-headed hydra (4 damage)
             ... on level 7 of the Dungeon.
             The game lasted 00:22:03 (5955 turns).

Autumnman the Cleaver (Minotaur Berserker)          Turns: 5955, Time: 00:22:03

Health: -2/79      AC: 17    Str: 28    XL:     9   Next: 0%
Magic:  8/8        EV: 10    Int: 10    God:    Trog [****..]
Gold:   246        SH:  0    Dex: 12    Spells: 8/8 levels left

rFire    . . .     SeeInvis .   m - +1 battleaxe (vorpal)
rCold    . . .     Faith    .   (shield currently unavailable)
rNeg     . . .     Spirit   .   v - +2 chain mail of Contentment {rElec Str+3 Int+6 Dex+4}
rPois    +         Reflect  .   (helmet restricted)
rElec    +         Harm     .   r - +0 cloak
rCorr    .         Rampage  .   g - +1 pair of gloves
Will     .....                  j - +0 pair of boots
Stlth    ..........             (no amulet)
HPRegen  0.23/turn              e - ring of poison resistance
MPRegen  0.11/turn              (no ring)

@: on berserk cooldown, slowed, very slow
A: horns 2, retaliatory headbutt, clumsy 1
a: Renounce Religion, Berserk, Trog's Hand, Brothers in Arms


You were on level 7 of the Dungeon.
You worshipped Trog.
Trog was greatly pleased with you.
You visited 1 branch of the dungeon, and saw 7 of its levels.

You collected 339 gold pieces.
You spent 93 gold pieces at shops.

Inventory:

Hand Weapons
 a - a +0 hand axe
 l - a +0 spear of venom
 m - a +1 vorpal battleaxe (weapon)
 t - a +0 vorpal war axe
Armour
 b - a +0 pair of gloves
 g - a +1 pair of gloves (worn)
 j - a +0 pair of boots (worn)
 r - a +0 cloak (worn)
 v - the +2 chain mail of Contentment (worn) {rElec Str+3 Int+6 Dex+4}
   (You found it on level 5 of the Dungeon)

   Str:       It affects your strength (+3).
   Int:       It affects your intelligence (+6).
   Dex:       It affects your dexterity (+4).
   rElec:     It insulates you from electricity.
Jewellery
 e - a ring of poison resistance (left hand)
Wands
 i - a wand of flame (30)
 w - a wand of mindburst (7)
Scrolls
 c - a scroll of identify
 k - 2 scrolls of teleportation
Potions
 d - a potion of ambrosia {unknown}
 f - a potion of degeneration {unknown}
 h - a potion of curing {unknown}
 n - a potion of heal wounds {unknown}
 o - 2 potions of attraction {unknown}
 p - 3 potions of might {unknown}


   Skills:
 * Level 7.1 Fighting
 + Level 9.7 Axes
 + Level 7.6 Armour
 * Level 5.0 Dodging


You had 8 spell levels left.
You didn't know any spells.
Your spell library was empty.

Dungeon Overview and Level Annotations

Branches:
Dungeon (7/15)             Temple (0/1) D:6

Altars:
Nemelex Xobeh
Qazlal
Sif Muna
Xom
The Shining One
Beogh

Shops:
D:4 =(

Annotations:
D:5 3 runed translucent doors, H0rd4k's ghost, amateur OpTm


Innate Abilities, Weirdness & Mutations

You have a pair of horns on your head.
You reflexively headbutt those who attack you in melee.
You are clumsy. (Dex -2)


Message History

The nine-headed hydra bites you but does no damage.
The nine-headed hydra bites you. x2
The nine-headed hydra bites you but does no damage.
You chop one of the nine-headed hydra's heads off!
The eight-headed hydra grows two more!
You slash the ten-headed hydra!
The ten-headed hydra is moderately wounded.
You chop one of the ten-headed hydra's heads off!
The nine-headed hydra grows two more!
You slice the 11-headed hydra!!
The 11-headed hydra is heavily wounded.
The 11-headed hydra closely misses you. The 11-headed hydra bites you!
The 11-headed hydra closely misses you.
The 11-headed hydra bites you but does no damage. x2
The 11-headed hydra bites you! The 11-headed hydra bites you.
The 11-headed hydra barely misses you. The 11-headed hydra bites you.
The 11-headed hydra barely misses you. x2
You slice one of the 11-headed hydra's heads off!
The ten-headed hydra grows two more!
You slice the 12-headed hydra!!
The 12-headed hydra is almost dead.
The 12-headed hydra bites you. x3; The 12-headed hydra closely misses you.
The 12-headed hydra bites you but does no damage. x2
The 12-headed hydra completely misses you.
The 12-headed hydra barely misses you.
The 12-headed hydra bites you but does no damage. x2
The 12-headed hydra bites you!
* * * LOW HITPOINT WARNING * * *
The 12-headed hydra bites you but does no damage.
You feel a strong urge to attack something.
You are no longer berserk.
You are exhausted.
You feel yourself slow down.
There is a stone staircase leading down here.
The 12-headed hydra bites you!
* * * LOW HITPOINT WARNING * * *
The 12-headed hydra bites you.
* * * LOW HITPOINT WARNING * * *
The 12-headed hydra barely misses you. The 12-headed hydra bites you.
* * * LOW HITPOINT WARNING * * *
The 12-headed hydra bites you but does no damage.
The 12-headed hydra closely misses you. The 12-headed hydra bites you.
You die...

#.#
#.#.....#.#
#.#
#.#[##..#.#
#.# #...
#..#.# ..#
#######.#.#
###
.......(..#
#
########..#
#..#
###.D#######
#...@.......
#.##.#######
#. #.# # ..#
###


You could see a 12-headed hydra.

Vanquished Creatures
  Duvessa (D:7)
  3 sky beasts (D:6)
  A black bear (D:6)
  2 ice beasts
  2 necrophages (D:6)
  An ogre (D:4)
  A phantom (D:5)
  A kobold brigand (D:6)
  3 scorpions
  A wyvern skeleton (D:6)
  Dowan (D:7)
  A water moccasin zombie (D:6)
  A hound (D:4)
  4 orc priests
  Jessica (D:3)
  An iguana (D:5)
  3 orc wizards
  A hound skeleton (D:3)
  4 gnolls (D:3)
  13 adders
  2 white imps
  2 worms
  A dart slug (D:1)
  12 orcs
  6 endoplasms
  6 giant cockroaches
  6 goblins
  8 hobgoblins
  5 jackals
  14 kobolds
  7 quokkas
  9 ball pythons
  4 bats
  4 frilled lizards
  9 rats
141 creatures vanquished.

Notes
Turn   | Place    | Note
-------+----------+-------------------------------------------
     0 | D:1      | Autumnman the Minotaur Berserker began the quest for the
                  | Orb.
     0 | D:1      | Reached XP level 1. HP: 19/19 MP: 0/0
   164 | D:1      | Found a faded altar of an unknown god.
   257 | D:1      | Reached skill level 4 in Axes
   269 | D:1      | Reached XP level 2. HP: 23/27 MP: 1/1
   876 | D:1      | Reached XP level 3. HP: 33/33 MP: 2/2
   931 | D:2      | Reached ** piety under Trog
  1437 | D:3      | Reached XP level 4. HP: 40/40 MP: 3/3
  1597 | D:3      | Reached skill level 5 in Axes
  1750 | D:3      | Found a glowing golden altar of the Shining One.
  1751 | D:3      | Found a shimmering altar of Xom.
  1751 | D:3      | Found a shimmering blue altar of Sif Muna.
  1752 | D:3      | Found a sparkling altar of Nemelex Xobeh.
  1811 | D:3      | Noticed Jessica
  1828 | D:3      | Killed Jessica
  1829 | D:3      | Reached XP level 5. HP: 23/46 MP: 4/4
  2589 | D:4      | Reached *** piety under Trog
  2609 | D:4      | Reached skill level 6 in Axes
  2723 | D:4      | Found Hesauchih's Jewellery Emporium.
  2727 | D:4      | Reached XP level 6. HP: 51/53 MP: 5/5
  2788 | D:4      | Reached skill level 5 in Armour
  2856 | D:4      | Reached skill level 5 in Fighting
  2947 | D:4      | Found a stormy altar of Qazlal.
  3111 | D:4      | Found Gakhlic's Weapon Emporium.
  3119 | D:4      | Bought a +0 vorpal war axe for 93 gold pieces
  3130 | D:4      | Reached XP level 7. HP: 54/61 MP: 6/6
  3403 | D:5      | Entered Level 5 of the Dungeon
  3403 | D:5      | Found a runed translucent gate.
  3404 | D:5      | Found a runed translucent gate.
  3409 | D:5      | Reached skill level 7 in Axes
  3421 | D:5      | Found a runed translucent gate.
  3423 | D:5      | Noticed H0rd4k's ghost (amateur OpTm)
  3875 | D:5      | Identified the +2 chain mail of Contentment {rElec Str+3
                  | Int+6 Dex+4}
  4446 | D:5      | Gained mutation: You expend magic power (3 MP) to
                  | strengthen your wands. [potion of mutation]
  4446 | D:5      | Lost mutation: You expend magic power (3 MP) to strengthen
                  | your wands. [potion of mutation]
  4446 | D:5      | Gained mutation: You are clumsy. (Dex -2) [potion of
                  | mutation]
  4494 | D:6      | Reached skill level 8 in Axes
  4524 | D:6      | Reached XP level 8. HP: 52/70 MP: 7/7
  4796 | D:6      | Reached **** piety under Trog
  4927 | D:6      | Reached skill level 9 in Axes
  5069 | D:6      | Found a staircase to the Ecumenical Temple.
  5556 | D:6      | Identified the +0 ring mail of Brilliance {-Tele rPois
                  | Str+4 Stlth+}
  5675 | D:7      | Noticed Duvessa
  5675 | D:7      | Noticed Dowan
  5683 | D:7      | Killed Duvessa
  5684 | D:7      | Reached skill level 5 in Dodging
  5686 | D:7      | Killed Dowan
  5687 | D:7      | Reached XP level 9. HP: 33/79 MP: 8/8
  5945 | D:7      | Noticed an eight-headed hydra
  5955 | D:7      | HP: 2/79 [12-headed hydra (3)]
  5955 | D:7      | Slain by a 12-headed hydra

Illustrated notes

Levels and vault maps discovered:
D:1:      shiori_arrival_maze, layout_loops_cross, basic_ecumenical_altar,
          minmay_hedge_maze, st_stairs_8, minivault_24
D:2:      layout_rooms, kennysheep_generic_room_7
D:3:      layout_loops_cross, chequers_temple_overflow_statue_of_worship,
          uniq_jessica
D:4:      layout_loops_ring, mainiacjoe_overflow_surrounded_room, serial_shops,
          shop_statue, shop, kennysheep_orc_chapel
D:5:      layout_loops_cross, serial_co_window_serial, co_window_cross_1,
          co_window_of_opportunity_a, co_window_corner_a,
          co_window_of_opportunity_a, co_window_paths_a, co_window_corner_cb,
          co_window_of_opportunity_b, co_window_corner_cb, co_window_broadway_c,
          co_window_corner_cb, co_window_4corner_b, glass_columns_a,
          glass_columns_a, glass_columns_c, ebering_ghost_rock_garden
D:6:      layout_basic, minmay_temple_entry_slanted, gup_sewer_entry_spiral,
          minmay_stone_trees_small
D:7:      layout_basic, grunt_ministairs_12, uniq_duvessa

Skill      XL: |  1  2  3  4  5  6  7  8 |
---------------+-------------------------+-----
Axes           | 4 5 6 8 9 |  9.7
Fighting       | 4 5 6 7 |  7.1
Armour         | 4 5 6 7 |  7.6
Dodging        | 4 5 |  5.0

Action                   |  1- 3 |  4- 6 |  7- 9 || total
-------------------------+-------+-------+-------++-------
Melee: Hand axe          |    87 |    72 |       ||   159
       Headbutt          |    12 |    16 |    19 ||    47
       Battleaxe         |       |    51 |    75 ||   126
       War axe           |       |     6 |    29 ||    35
Invok: Berserk           |       |     4 |     4 ||     8
       Trog's Hand       |       |     2 |       ||     2
  Use: Scroll            |       |       |     8 ||     8
       Potion            |       |       |     1 ||     1
Armor: Ring mail         |    31 |       |       ||    31
       Chain mail        |     7 |    84 |    94 ||   185
Dodge: Dodged            |    41 |    78 |    91 ||   210
